 Dungeon Crawl Stone Soup version 0.16-a0-1132-gad589c6 (webtiles) character file.

22136 RobertPalmer the Covert (level 12, -2/72 HPs)
             Began as an Octopode Monk on Oct 7, 2014.
             Was a High Priest of Dithmenos.
             Splashed by an oklob plant's acid (19 damage)
             ... on level 5 of the Lair of Beasts.
             The game lasted 01:02:57 (16733 turns).

RobertPalmer the Covert (Octopode Monk)            Turns: 16733, Time: 01:02:58

Health: -2/72      AC:  1    Str: 11    XL:     12   Next: 97%
Magic:  23/24      EV: 22    Int: 17    God:    Dithmenos [*****.]
Gold:   179        SH:  9    Dex: 19    Spells: 1 memorised, 8 levels left

rFire  . . .     SeeInvis +     a - +12 cutlass of Karma {pain, rPois SInv}
rCold  . . .     Clarity  .     r - +3 buckler
rNeg   . . .     SustAb   +     (helmet restricted)
rPois  +         Gourm    .     (no amulet)
rElec  .         Spirit   .     e - +4 ring of evasion
rCorr  .         Warding  .     x - +2 ring of dexterity
rMut   .         Stasis   .     s - ring of sustain abilities
MR     +....                    I - ring of Prili {+Blink +Inv +Fly MR+ Dex+3}
Stlth  ++++++++++               (no ring)
                                (no ring)
                                (no ring)
                                (no ring)

@: about to teleport, wreathed by umbra, somewhat resistant to hostile
enchantments, uncannily stealthy
A: almost no armour, amphibious, 8 rings, constrict 8, camouflage 1, gelatinous
body 1
a: Shadow Step, Shadow Form, Renounce Religion, Evoke Blink, Evoke Invisibility,
Evoke Flight


You were on level 5 of the Lair of Beasts.
You worshipped Dithmenos.
Dithmenos was extremely pleased with you.
You were not hungry.

You visited 3 branches of the dungeon, and saw 16 of its levels.
You also visited: Ossuary and Ice Cave.

You collected 892 gold pieces.
You spent 713 gold pieces at shops.


Innate Abilities, Weirdness & Mutations

You cannot wear most types of armour.
You are amphibious.
You can wear up to eight rings at the same time.
You can use your tentacles to constrict many enemies at once.
Your skin changes colour to match your surroundings (Stealth).
Your rubbery body absorbs attacks (AC +1).


   Skills:
 - Level 3.0 Fighting
 - Level 9.8 Short Blades
   Level 10.1 Polearms
 - Level 8.0 Dodging
 - Level 14.1 Stealth
 - Level 5.1 Shields
 - Level 4.0 Unarmed Combat
 - Level 4.6 Necromancy
 + Level 8.5 Evocations


You had 8 spell levels left.
You knew the following spells:

 Your Spells              Type           Power        Failure   Level  Hunger
g - Regeneration          Chrm/Necr      #.........   30%         3    ####...

Inventory:

Hand weapons
 a - the +12 cutlass of Karma (weapon) {pain, rPois SInv}
   (You found it on level 9 of the Dungeon)

   In the hands of one skilled in necromantic magic, it inflicts extra damage on
   living creatures.
   It protects you from poison.
   It enhances your eyesight.
 b - a +0 blowgun
Missiles
 d - 2 javelins (quivered)
 h - 8 needles of slowing
 o - 3 needles of confusion
 p - 41 poisoned needles
 Q - a throwing net
Armour
 r - a +3 buckler (worn)
Magical devices
 l - a wand of random effects (26)
 F - a wand of polymorph (8)
 M - a wand of lightning (1)
Comestibles
 f - 10 bread rations
 i - 4 meat rations
 A - a royal jelly
 E - a slice of pizza
 H - 34 fruits
 R - a chunk of blink frog flesh {@*1}
 V - 2 chunks of komodo dragon flesh {@*1}
Scrolls
 c - 3 scrolls of enchant armour
 j - 2 scrolls of magic mapping
 k - 3 scrolls of enchant weapon
 y - 3 scrolls of teleportation
 D - 3 scrolls of recharging
 P - 2 scrolls of amnesia
Jewellery
 e - a +4 ring of evasion (left tentacle)
 s - a ring of sustain abilities (on tentacle)
 x - a +2 ring of dexterity (right tentacle)
 C - an uncursed ring of teleportation
 I - the ring of Prili (on tentacle) {+Blink +Inv +Fly MR+ Dex+3}
   (You found it on level 3 of the Lair of Beasts)

   [ring of dexterity]

   It affects your dexterity (+3).
   It affects your resistance to hostile enchantments.
   It lets you turn invisible.
   It lets you fly.
   It lets you blink.
 K - an uncursed ring of sustain abilities
 N - an uncursed ring of flight {unknown}
 T - an uncursed ring of flight {unknown}
Potions
 g - a potion of magic {unknown}
 m - 2 potions of berserk rage
 n - 3 potions of haste
 u - a potion of brilliance {unknown}
 v - 4 potions of restore abilities
 w - a potion of mutation {!q}
 z - a potion of curing
 B - a potion of cancellation {unknown}
 G - a potion of cure mutation {unknown}
 J - 4 potions of poison {unknown}
 S - 2 potions of agility
 U - a potion of invisibility
Books
 q - a book of Clouds
 t - a book of Hinderance
 O - a book of Battle
Miscellaneous
 L - a fan of gales
Rods
 W - a -1 rod of shadows (9/9)
   (You found it on level 5 of the Lair of Beasts)

Dungeon Overview and Level Annotations

Branches:
Dungeon (10/15)            Temple (1/1) D:4             Orc (0/4) D:9
   Lair (5/8) D:9          Shoals (0/5) Lair:4        Snake (0/5) Lair:4

Altars:
Ashenzari
Cheibriados
Dithmenos
Elyvilon
Gozag
Kikubaaqudgha
Makhleb
Nemelex Xobeh
Ru
Sif Muna
Trog
Vehumet
Xom
Zin
Beogh

Shops:
D:9 %(:!

Annotations:
Lair:5 exclusion: oklob plant

...+...... .+<
.....#P.>...... ..#
.................. ...
................... .#P
......≈≈≈≈≈.....#..# ##
.....≈≈P≈≈≈≈......# #
...$≈≈≈PPP≈≈≈....## #
#....≈≈rPP≈)≈≈[....#
#..r..≈≈@P≈≈≈.....### ##
#.rr..r≈rr≈≈........####.
#..............P+#..#(.#
..r...................##
....[................+..
.....PP..............#.
%..#....t..........#.#
...#................#
.##.#............##.


You could see an oklob plant, a crocodile (sleeping) and 8 green rats.


Message History

You open the oklob plant like a pillowcase!!!!
You destroy the oklob plant!
The green rat closely misses you.
The green rat splashes around in the water.
The green rat misses you. The green rat barely misses you.
You hit the oklob plant but do no damage.
You grab the oklob plant.
You squeeze the oklob plant, but do no damage.
You constrict the oklob plant. The green rat misses you.
The green rat splashes around in the water.
The green rat completely misses you. The oklob plant spits acid at you.
The splash of acid hits you!
The acid burns!
Read which item? (? for menu, Esc to quit)
As you read the scroll of teleportation, it crumbles to dust.
You feel strangely unstable.
You constrict the oklob plant.
The green rat splashes around in the water.
The green rat misses you. The green rat completely misses you.
The oklob plant spits acid at you. The splash of acid hits you!
The acid burns!
* * * LOW HITPOINT WARNING * * *
Drink which item? (? for menu, Esc to quit)
You feel better. The green rat completely misses you.
The green rat splashes around in the water.
The green rat completely misses you. The oklob plant spits acid at you.
The splash of acid hits you!
* * * LOW HITPOINT WARNING * * *
The acid burns!
You die...

Action                   |  1- 3 |  4- 6 |  7- 9 | 10-12 || total
-------------------------+-------+-------+-------+-------++-------
Melee: Unarmed           |    76 |   186 |       |       ||   262
       Trident           |       |       |   550 |       ||   550
       Cutlass           |       |       |       |   504 ||   504
 Fire: Blowgun           |       |       |       |   115 ||   115
Throw: Throwing net      |     2 |     1 |     1 |       ||     4
       Javelin           |       |       |     4 |     4 ||     8
 Cast: Regeneration      |       |       |       |     1 ||     1
Evoke: Wand              |       |       |     3 |     5 ||     8
  Use: Scroll            |     4 |       |    24 |     8 ||    36
       Potion            |       |     2 |     1 |    11 ||    14
 Stab: Sleeping          |     5 |     7 |    38 |    83 ||   133
       Distracted        |       |     3 |     5 |     8 ||    16
       Invisible         |       |       |       |     1 ||     1
  Eat: Chunk             |     1 |     7 |    16 |    22 ||    46
       Beef jerky        |       |       |     1 |     2 ||     3
       Royal jelly       |       |       |     1 |       ||     1

Vault maps used:
D:1:      minmay_arrival_four_circles
D:2:      uniq_iyjb
D:3:      uniq_natasha
D:4:      minmay_temple_entry_junction2
D:5:      black_bear_nest_2, grunt_temple_overflow_open, first_bread
D:6:      enter_ossuary_1
D:7:      basic_altar, trog_eyes_of_draining
D:8:      kennysheep_steamy, vehumet_altar_wand_db, uniq_prince_ribbit1,
          uniq_pikel
D:9:      minmay_orc_entry_temple_small, minmay_lair_entry_lava, serial_shops,
          nicolae_shop_waterfront, shop, nicolae_shop_crystal, shop,
          blue_anna_alchemist, amethyst_srp_altar, uniq_eustachio
D:10:     serial_shops, nicolae_shop_temple_entry_statues_fountains
Temple:   circular_temple_pool_12
Lair:1:   kennysheep_rathole, portal_ice_cave_entry_ice_beasts,
          minmay_hedge_maze, grunt_forest_large_clearing_hut,
          infiniplex_staircase_pool
Lair:2:   st_stairs_11
Lair:3:   special_room, nicolae_quartered_pool_little, st_stairs_5,
          pf_torpor_hydra
Lair:4:   elwin_shoals_entry_stream, guppyfry_snake_entry_garden, serial_bayou,
          serial_bayou_lagoon_a, serial_bayou_pond_c, serial_bayou_crossing,
          serial_bayou_ford_a, lemuel_fruit_tree, uniq_maud
Lair:5:   dpeg_oklob_1
Ossuary:  ossuary_zaba_flooded
IceCv:    ice_cave_caverns_03

Notes
Turn   | Place    | Note
--------------------------------------------------------------
     0 | D:1      | RobertPalmer, the Octopode Monk, began the quest for the Orb.
     0 | D:1      | Reached XP level 1. HP: 16/16 MP: 1/1
   426 | D:1      | Reached XP level 2. HP: 21/21 MP: 2/2
   807 | D:1      | Reached skill level 4 in Dodging
   817 | D:1      | Reached XP level 3. HP: 26/26 MP: 3/3
  1369 | D:2      | Noticed Ijyb
  1384 | D:2      | Killed Ijyb
  1384 | D:2      | Reached XP level 4. HP: 26/31 MP: 4/4
  1517 | D:2      | Reached skill level 5 in Dodging
  2043 | D:3      | Noticed a sky beast
  2265 | D:3      | Reached XP level 5. HP: 31/36 MP: 5/5
  2415 | D:3      | Reached skill level 1 in Shields
  2474 | D:3      | Reached skill level 2 in Shields
  2542 | D:3      | Noticed Natasha
  2550 | D:3      | Killed Natasha
  2663 | D:3      | Killed a sky beast
  2663 | D:3      | Reached skill level 3 in Shields
  2663 | D:3      | Reached XP level 6. HP: 12/42 MP: 6/6
  2851 | D:3      | Reached skill level 4 in Shields
  2979 | D:4      | Found a staircase to the Ecumenical Temple.
  3505 | D:4      | Reached skill level 5 in Shields
  3505 | D:4      | Reached XP level 7. HP: 40/46 MP: 7/7
  3639 | D:4      | Reached skill level 2 in Polearms
  4039 | Temple   | Entered the Ecumenical Temple
  4049 | Temple   | Became a worshipper of Dithmenos the Shadowed
  4049 | Temple   | Acquired Dithmenos' first power
  4080 | D:5      | Entered Level 5 of the Dungeon
  4080 | D:5      | Found a shimmering altar of Xom.
  4080 | D:5      | Found a shattered altar of Ashenzari.
  4080 | D:5      | Found an opulent altar of Gozag.
  4080 | D:5      | Found a deep blue altar of Sif Muna.
  4080 | D:5      | Found a sparkling altar of Nemelex Xobeh.
  4162 | D:5      | Found a white marble altar of Elyvilon.
  4296 | D:5      | Reached skill level 3 in Polearms
  4523 | D:5      | Reached skill level 4 in Polearms
  4627 | D:5      | Reached XP level 8. HP: 45/52 MP: 8/8
  4656 | D:5      | Reached skill level 5 in Polearms
  5488 | D:5      | Reached skill level 6 in Polearms
  5849 | D:6      | Found a sand-covered staircase.
  5856 | Ossuary  | Entered an ossuary
  5914 | Ossuary  | Acquired Dithmenos' second power
  6106 | Ossuary  | Reached skill level 7 in Polearms
  6574 | Ossuary  | Reached skill level 8 in Polearms
  6860 | D:6      | Reached XP level 9. HP: 39/56 MP: 9/9
  7460 | D:6      | Reached skill level 9 in Polearms
  7914 | D:7      | Found a bloodstained altar of Trog.
  8056 | D:7      | Found a burning altar of Makhleb.
  8334 | D:7      | Reached skill level 10 in Polearms
  8349 | D:7      | Acquired Dithmenos' third power
  8349 | D:7      | Reached skill level 3 in Stealth
  8356 | D:7      | Reached skill level 4 in Stealth
  8372 | D:7      | Reached skill level 5 in Stealth
  8760 | D:8      | Found a radiant altar of Vehumet.
  8903 | D:8      | Reached skill level 6 in Stealth
  8945 | D:8      | You fall through a shaft!
  8945 | D:9      | Found Poifaomo's Book Emporium.
  9072 | D:9      | Noticed a red ugly thing
  9082 | D:9      | Found a staircase to the Lair.
  9082 | D:9      | Noticed a fire drake
  9104 | D:9      | Found a staircase to the Orcish Mines.
  9123 | D:9      | Reached skill level 7 in Stealth
  9139 | D:9      | Found Femmudai's Antique Weapon Boutique.
  9166 | D:9      | Bought a glowing trident for 87 gold pieces
  9210 | D:9      | Found a snail-covered altar of Cheibriados.
  9227 | D:9      | Noticed Eustachio
  9231 | D:9      | Noticed Eustachio
  9231 | D:9      | Eustachio changed into Eustachio the fire bat
  9237 | D:9      | Reached skill level 8 in Stealth
  9238 | D:9      | Killed Eustachio the fire bat
  9242 | D:9      | Reached XP level 10. HP: 42/63 MP: 3/10
  9244 | D:9      | Got a fine cutlass
  9266 | D:9      | Identified the +12 cutlass of Karma {pain, rPois SInv} (You found it on level 9 of the Dungeon)
  9384 | D:9      | Found Jaduid's Food Shop.
  9419 | D:9      | Reached skill level 1 in Short Blades
  9501 | D:9      | Reached skill level 2 in Short Blades
  9577 | D:9      | Found a roughly hewn altar of Beogh.
  9623 | D:9      | Reached skill level 3 in Short Blades
  9647 | D:9      | Killed a fire drake
  9647 | D:9      | Reached skill level 4 in Short Blades
  9658 | D:9      | Found Apapi's Distillery.
  9682 | D:9      | Bought a potion of invisibility for 66 gold pieces
 10247 | D:9      | Reached skill level 5 in Short Blades
 10476 | D:9      | Killed a red ugly thing
 10476 | D:9      | Reached skill level 6 in Short Blades
 10816 | D:9      | Acquired Dithmenos' fourth power
 10826 | D:9      | Reached skill level 7 in Short Blades
 10965 | D:10     | Entered Level 10 of the Dungeon
 10974 | D:10     | Noticed a centaur warrior
 10999 | Lair:1   | Entered Level 1 of the Lair of Beasts
 11207 | Lair:1   | Found a frozen archway.
 11218 | Lair:1   | Reached skill level 8 in Short Blades
 11226 | IceCv    | Entered an ice cave
 11238 | IceCv    | Reached XP level 11. HP: 67/67 MP: 11/11
 11249 | IceCv    | Reached skill level 9 in Short Blades
 11312 | IceCv    | Noticed an ice statue
 11420 | Lair:1   | Reached skill level 6 in Dodging
 11546 | Lair:1   | Reached skill level 7 in Dodging
 11694 | Lair:1   | Noticed an eight-headed hydra
 12045 | Lair:1   | Reached skill level 8 in Dodging
 12253 | Lair:1   | Reached skill level 9 in Stealth
 12711 | Lair:2   | Reached skill level 10 in Stealth
 13441 | Lair:3   | Reached skill level 11 in Stealth
 13575 | Lair:3   | Noticed a five-headed hydra
 13624 | Lair:3   | Reached skill level 12 in Stealth
 13748 | Lair:3   | Noticed a death yak
 13749 | Lair:3   | Noticed a death yak
 13890 | Lair:3   | Got a warped iron ring
 13949 | Lair:3   | Reached skill level 13 in Stealth
 13949 | Lair:3   | Reached XP level 12. HP: 59/72 MP: 12/12
 14425 | Lair:3   | Reached skill level 14 in Stealth
 14583 | D:9      | Bought a book of Battle for 560 gold pieces
 14588 | D:9      | Learned a level 3 spell: Regeneration
 14722 | Lair:4   | Noticed Maud
 14857 | Lair:4   | Reached skill level 1 in Necromancy
 14963 | Lair:4   | Found a staircase to the Snake Pit.
 15071 | Lair:4   | Reached skill level 2 in Necromancy
 15170 | Lair:4   | Reached skill level 3 in Necromancy
 15388 | Lair:4   | Reached skill level 4 in Necromancy
 15558 | Lair:4   | Identified the ring of Prili {+Blink +Inv +Fly MR+ Dex+3} (You found it on level 3 of the Lair of Beasts)
 15589 | Lair:4   | Found a staircase to the Shoals.
 15592 | Lair:4   | Reached skill level 1 in Evocations
 15640 | Lair:4   | Reached skill level 2 in Evocations
 15659 | Lair:4   | Reached skill level 3 in Evocations
 15915 | Lair:4   | Killed Maud
 15915 | Lair:4   | Reached skill level 5 in Evocations
 16384 | Lair:4   | Reached skill level 6 in Evocations
 16566 | Lair:5   | Reached skill level 7 in Evocations
 16668 | Lair:5   | Identified a -1 rod of shadows (9/9) (You found it on level 5 of the Lair of Beasts)
 16725 | Lair:5   | Reached skill level 8 in Evocations
 16733 | Lair:5   | Splashed by an oklob plant's acid

Vanquished Creatures
  Maud (Lair:4)
  An ugly thing (D:9)
  2 oklob plants (Lair:5)
  3 sirens (Lair:4)
  2 black mambas
  4 spiny frogs
  A torpor snail (Lair:3)
  2 fire drakes
  4 komodo dragons
  A merfolk (Lair:4)
  2 polar bears (IceCv)
  8 blink frogs
  A basilisk (Lair:4)
  A spriggan (Lair:1)
  A deep elf mage (D:9)
  A fire bat (D:9)
  A steam dragon (Lair:4)
  2 wyverns
  28 yaks
  2 hippogriffs
  5 wolves
  A warg (D:9)
  4 water moccasins
  5 porcupines
  2 black bears
  8 ice beasts (Lair:1)
  2 sky beasts
  3 orc warriors (D:9)
  A phantom (D:7)
  An ogre (D:4)
  A boring beetle (Lair:2)
  A tengu (D:9)
  A centaur (D:6)
  4 crocodiles
  12 giant frogs
  A wyvern zombie (Ossuary)
  2 eyes of draining (D:7)
  6 killer bees
  5 jellies
  An electric eel (Lair:4)
  A crimson imp (D:5)
  A yellow wasp zombie (Ossuary)
  A goliath beetle (D:7)
  A quasit (D:9)
  7 hounds
  A black bear zombie (D:6)
  6 bog bodies (Ossuary)
  A giant frog zombie (Ossuary)
  6 orc priests
  A giant frog skeleton (D:5)
  8 orc wizards
  A gnoll shaman (D:6)
  Natasha (D:3)
  6 iguanas
  2 orange rats (Lair:1)
  3 worker ants
  22 sheep
  An ogre zombie (Ossuary)
  Ijyb (D:2)
  A sky beast zombie (Ossuary)
  An ogre skeleton (D:9)
  8 mummies
  36 green rats
  17 adders
  5 orc zombies (Ossuary)
  4 gnolls
  2 giant mites (D:7)
  2 worms (D:3)
  A goliath beetle zombie (D:5)
  An adder zombie (Ossuary)
  An iguana zombie (Ossuary)
  An orc skeleton (D:5)
  3 giant geckos
  An ooze (D:3)
  34 orcs
  16 bats
  2 bat zombies
  5 giant cockroaches
  20 goblins
  10 hobgoblins
  11 jackals
  16 kobolds
  8 quokkas
  4 ball pythons
  7 giant newts
  2 kobold zombies (Ossuary)
  17 rats
  A rat zombie (Ossuary)
  2 ballistomycetes (D:6)
  A bush (Lair:1)
  A plant (Lair:4)
446 creatures vanquished.

Vanquished Creatures (others)
  A giant spore (D:6)
  3 plants (Lair:4)
4 creatures vanquished.

Grand Total: 450 creatures vanquished
